 Dungeon Crawl Stone Soup version 0.28-a0-687-gb91baff9cc (webtiles) character file.

Game seed: 340019276301118146

38760 lawman0 the Summoner (level 14, -8/150 HPs)
             Began as a Barachi Summoner on Oct 18, 2021.
             Was a High Priest of Sif Muna.
             Mangled by a polar bear (23 damage)
             ... on level 6 of the Lair of Beasts on Oct 19, 2021.
             The game lasted 00:45:35 (19937 turns).

lawman0 the Summoner (Barachi Summoner)            Turns: 19937, Time: 00:45:36

Health: -8/150     AC: 27    Str: 12    XL:     14   Next: 3%
Magic:  7/27       EV:  2    Int: 18    God:    Sif Muna [*****.]
Gold:   1476       SH:  0    Dex: 13    Spells: 10/31 levels left

rFire   + . .      SeeInvis .   t - +5 scimitar
rCold   . . .      Faith    .   (no shield)
rNeg    . . .      Spirit   .   (armour currently unavailable)
rPois   +          Reflect  .   (helmet currently unavailable)
rElec   .          Harm     .   (cloak currently unavailable)
rCorr   .          Rampage  .   (gloves currently unavailable)
Will    +....      NoTele   +   (boots currently unavailable)
Stlth   +++.......              d - amulet of the acrobat
HPRegen 0.35/turn               j - ring of wizardry
MPRegen 0.20/turn               l - ring of protection from fire

@: tree-form, freezing walls
A: stationary, stasis, torment immunity, boosted hp, (amphibious), (slowness 1),
(strong legs 2), +LOS
a: Renounce Religion, Channel Magic, Forget Spell, Divine Exegesis


You were on level 6 of the Lair of Beasts.
You worshipped Sif Muna.
Sif Muna was extremely pleased with you.
You were a tree.
You visited 3 branches of the dungeon, and saw 18 of its levels.

You collected 1879 gold pieces.
You spent 403 gold pieces at shops.

Inventory:

Hand Weapons
 i - a +1 war axe of freezing
 t - a +5 scimitar (weapon)
 A - a +1 antimagic flail
 K - the +8 dagger of Xuqeik {venom, Will+}
   (You found it on level 9 of the Dungeon)

   It poisons the flesh of those it strikes.
   Will:      It increases your willpower.
Missiles
 L - a throwing net
Armour
 e - a +0 helmet (melded)
 f - a scarf of resistance (melded)
 u - a +1 pair of boots (melded)
 E - +0 swamp dragon scales (melded)
 Q - a +1 pair of gloves (melded)
Jewellery
 d - an amulet of the acrobat (around neck)
 j - a ring of wizardry (left branch)
 l - a ring of protection from fire (right branch)
 w - a ring of protection from fire
 J - a ring of willpower
Wands
 s - a wand of flame (44)
 B - a wand of iceblast (9)
 H - a wand of polymorph (27)
 I - a wand of digging (3)
Scrolls
 a - a scroll of enchant armour {unknown}
 b - a scroll of teleportation
 k - a scroll of magic mapping
 m - a scroll of summoning {unknown}
 y - 2 scrolls of holy word {unknown}
 F - 3 scrolls of enchant weapon
 G - 2 scrolls of amnesia
 M - 2 scrolls of silence {unknown}
 O - a scroll of immolation
 P - 2 scrolls of vulnerability
Potions
 c - a potion of haste
 g - 2 potions of lignification
 h - 4 potions of curing
 n - 4 potions of attraction
 p - 3 potions of ambrosia
 q - 5 potions of might
 v - a potion of mutation
 C - 2 potions of flight
 D - a potion of brilliance
 N - 4 potions of resistance


   Skills:
 + Level 6.3 Fighting
 + Level 9.5 Long Blades
 + Level 6.3 Armour
 + Level 6.0 Dodging
 - Level 4.3 Stealth
 + Level 9.3 Spellcasting
 + Level 0.4 Conjurations
 + Level 11.2 Summonings
 * Level 4.6 Necromancy
 * Level 9.3 Ice Magic
 * Level 10.5 Air Magic
 * Level 10.0 Poison Magic
 + Level 1.4 Evocations


You had 10 spell levels left.
You knew the following spells:

 Your Spells              Type           Power      Damage    Failure   Level
a - Animate Dead          Necr           12%        N/A       5%          4
c - Call Canine Familiar  Summ           48%        N/A       1%          3
d - Mephitic Cloud        Conj/Pois/Air  33%        N/A       1%          3
e - Summon Lightning Spi  Summ/Air       47%        N/A       1%          4
f - Summon Ice Beast      Ice/Summ       45%        N/A       1%          4
g - Frozen Ramparts       Ice            84%        1d10      1%          3

Your spell library contained the following spells:

 Spells                   Type           Power      Damage    Failure   Level
 Summon Small Mammal      Summ           100%       N/A       1%          1
 Call Imp                 Summ           48%        N/A       1%          2
 Ensorcelled Hibernation  Hex/Ice        50%        N/A       1%          2
 Summon Guardian Golem    Hex/Summ       28%        N/A       1%          3
 Magic Dart               Conj           40%        1d5       2%          1
 Foxfire                  Conj/Fire      36%        2x1d5     3%          1
 Searing Ray              Conj           20%        2d5       4%          2
 Ice Form                 Ice/Tmut       25%        N/A       4%          4
 Conjure Flame            Conj/Fire      9%         6-21      10%         3
 Inner Flame              Hex/Fire       8%         N/A       11%         3
 Portal Projectile        Hex/Tloc       16%        N/A       11%         3
 Tukima's Dance           Hex            8%         N/A       11%         3
 Flame Wave               Conj/Fire      9%         3d4       30%         4
 Fulminant Prism          Conj/Hex       4%         3d6       30%         4
 Leda's Liquefaction      Hex/Erth       4%         N/A       32%         4
 Borgnjor's Vile Clutch   Necr/Erth      8%         N/A       34%         5
 Death Channel            Necr           12%        N/A       58%         6
 Lee's Rapid Deconstruct  Erth           4%         3d6*      65%         5
 Spellforged Servitor     Conj/Summ      14%        N/A       92%         7
 Statue Form              Tmut/Erth      5%         N/A       99%         6
 Orb of Destruction       Conj           5%         9d2       100%        7


Dungeon Overview and Level Annotations

Branches:
Dungeon (11/15)            Temple (1/1) D:4            Lair (6/6) D:11
  Snake (0/4) Lair:4          Orc (0/2) D:11
  Swamp: Lair:2-4    Shoals: Lair:2-4     Slime: Lair:5-6

Altars:
Ashenzari
Cheibriados
Dithmenos
Fedhas
Gozag
Kikubaaqudgha
Makhleb
Nemelex Xobeh
Okawaru
Ru
Sif Muna
Trog
Uskayaw
Vehumet
Xom
Yredelemnul
The Shining One

Shops:
D:2 (   D:6 *

Annotations:
D:11 exclusion: ice statue
Lair:1 3 runed translucent doors, BongJabbar's ghost, journeyman BaIE
Lair:4 1 exclusion
Lair:5 Kirke


Innate Abilities, Weirdness & Mutations

You are a tree.
Your roots penetrate the ground, keeping you stationary.
You cannot be teleported.
You are immune to unholy pain and torment.
Your maximum health is greatly increased.
Your equipment is partially melded.
((You are amphibious.))
((You cover ground slowly.))
((You can hop long distances.))
You have an extended range of vision and can be seen from far away.


Message History

Confirm with . or Enter, or press ? or * to list all spells.
Casting: Frozen Ramparts (safe; 1% risk of failure)
Press: ? - help, Dir - look around, f - activate The walls around you are covered in ice.
The polar bear resists.
The wall freezes the polar bear.
The polar bear bites you!
* * * LOW HITPOINT WARNING * * *
The polar bear claws you but does no damage.
The polar bear claws you.
* * * LOW HITPOINT WARNING * * *
Your ice beast hits the polar bear but does no damage.
The polar bear completely resists.
The wall freezes the polar bear but does no damage.
The polar bear bites your ice beast.
The polar bear closely misses your ice beast.
The polar bear completely misses your ice beast.
The wall freezes the torpor snail.
The torpor snail bites your ice beast.
Unknown command.
Unknown command.
Unknown command.
Okay, then.
Okay, then.
Okay, then.
Okay, then.
Really quaff the potion of lignification?
You turn into a tree.
Your scarf of resistance melds into your body.
Your +0 helmet melds into your body.
Your +1 pair of gloves melds into your body.
Your +1 pair of boots melds into your body.
Your +0 swamp dragon scales melds into your body.
You feel hot and cold all over.
Your roots penetrate the ground.
You feel yourself speed up.
The polar bear completely resists.
The wall freezes the polar bear but does no damage.
The polar bear bites your ice beast! The polar bear claws your ice beast!
The polar bear barely misses your ice beast.
The polar bear resists.
The wall freezes the polar bear.
The polar bear bites you!!
You die...

# #.##.#...........♣....... #
##*######.#.............. ##
###*.#......P....♣...... .# ###
##.###...P....,,**♣♣.♣.♣♣
.####≈###.#.....P..#,,,,*♣.♣.♣.♣♣
..≈#P.P#........#****,,,,♣♣....♣.
...≈≈.≈≈.≈....≈.## **,,,,........
#≈≈≈##.≈#≈P≈##...# *,,,,,........
.≈≈≈##.≈≈≈≈≈##≈.♣# **,,,,........
≈≈≈≈≈≈≈.≈≈≈≈.PYh## **,,,,......##
≈≈≈≈≈≈≈≈≈≈≈≈≈≈w## *,,,,,......*
######.####P##.# **,,,,......*
≈≈P≈≈⌠#≈≈≈#≈##§# *****.##..**
≈P≈≈P≈#≈≈≈≈≈≈w≈# *#.#.**
≈≈≈≈≈≈#≈P≈≈≈P8.## *...##*
#≈##≈≈##.≈≈≈##†.# *P....#*
$≈≈#≈.#≈≈≈#≈##.## *....#.##


You could see a torpor snail, a polar bear (berserk, ally target) and a friendly
ice beast (summoned, slow).

Vanquished Creatures
  A catoblepas (Lair:4)
  A two-headed ogre (D:11)
  Sonja (Lair:3)
  3 elephants (Lair:3)
  2 black mambas
  5 cane toads
  An unseen horror (D:10)
  Maggie (D:7)
  3 komodo dragons
  A kobold demonologist (D:10)
  2 polar bears
  4 blink frogs
  2 wyverns
  8 yaks
  2 hogs (Lair:5)
  A basilisk (Lair:6)
  A swamp worm (Lair:4)
  3 water moccasins
  2 hornet zombies (D:5)
  2 orc warriors (D:11)
  A black bear (D:7)
  2 necrophages (D:5)
  An ogre (D:5)
  11 wolves
  4 centaurs
  3 phantoms
  A nameless horror (D:7)
  6 bullfrogs
  A wyvern zombie (D:8)
  2 scorpions
  A water moccasin skeleton (D:7)
  4 killer bees
  An electric eel (Lair:1)
  4 wights
  4 howler monkeys
  4 centaur zombies
  A crimson imp (D:8)
  A bullfrog skeleton (D:6)
  An orc priest (D:11)
  An iguana (D:6)
  Jessica (D:2)
  An orc wizard (D:11)
  A killer bee zombie (D:8)
  2 hound zombies
  2 adders (D:2)
  2 dart slugs
  10 orcs
  6 ball pythons
  4 bats
  2 giant cockroaches
  2 goblins
  9 hobgoblins
  2 jackals (D:3)
  4 kobolds
  A quokka (D:3)
  2 frilled lizards
  2 rats
153 creatures vanquished.

Vanquished Creatures (collateral kills)
  Snorg (Lair:5)
  3 hydras
  2 two-headed ogres
  3 death yaks (Lair:4)
  An ugly thing (D:11)
  A manticore (Lair:6)
  2 elephants (Lair:3)
  7 cane toads
  A gargoyle (D:11)
  A rime drake (Lair:2)
  5 komodo dragons
  A hornet (Lair:6)
  A troll (D:11)
  Grinder (D:4)
  6 blink frogs
  3 polar bears
  Sigmund (D:4)
  A hog (Lair:5)
  33 yaks
  2 basilisks (Lair:3)
  A steam dragon (Lair:6)
  Edmund (D:6)
  2 wargs (D:11)
  Menkaure (D:7)
  2 nagas (Lair:4)
  14 water moccasins
  An acid dragon (D:10)
  2 sky beasts
  2 ice beasts
  2 orc warriors
  3 black bears
  3 necrophages
  3 wolves (Lair:1)
  3 centaurs
  8 bullfrogs
  A wyvern zombie (D:9)
  2 killer bees (D:8)
  15 wights
  A nameless horror (Lair:2)
  A bullfrog zombie (D:6)
  2 centaur zombies
  3 hounds
  An orc priest (D:11)
  A bullfrog skeleton (D:4)
  Ijyb (D:4)
  3 iguanas
  4 orc wizards
  7 gnolls
  A howler monkey skeleton (D:7)
  4 adders
  2 ufetubi (D:5)
  An adder skeleton (D:4)
  An adder zombie (D:5)
  3 worms
  30 orcs
  4 bats
  3 endoplasms
  A giant cockroach (D:2)
  4 goblins
  3 hobgoblins
  3 quokkas
  2 frilled lizards
  5 kobolds
  3 rats (D:1)
236 creatures vanquished.

Vanquished Creatures (others)
  2 bushes (Lair:5)
  34 fungi
  49 plants
85 creatures vanquished.

Grand Total: 474 creatures vanquished

Notes
Turn   | Place    | Note
-------+----------+-------------------------------------------
     0 | D:1      | lawman0 the Barachi Summoner began the quest for the Orb.
     0 | D:1      | Reached XP level 1. HP: 13/13 MP: 3/3
    27 | D:1      | Reached skill level 5 in Summonings
   199 | D:1      | Reached XP level 2. HP: 12/19 MP: 0/5
   205 | D:1      | Learned a level 2 spell: Call Imp
   809 | D:1      | Reached XP level 3. HP: 9/24 MP: 6/6
   813 | D:1      | Learned a level 3 spell: Call Canine Familiar
  1583 | D:2      | hell yeah
  1655 | D:2      | Found a shadowy altar of Dithmenos.
  1710 | D:2      | Reached XP level 4. HP: 23/31 MP: 7/7
  2052 | D:2      | Noticed Jessica
  2061 | D:2      | Killed Jessica
  2062 | D:2      | Reached skill level 1 in Fighting
  2062 | D:2      | Reached skill level 6 in Summonings
  2140 | D:2      | Found Odowkiw's Weapon Shoppe.
  2642 | D:3      | Reached XP level 5. HP: 32/37 MP: 9/9
  2935 | D:3      | Found a faded altar of an unknown god.
  3132 | D:3      | Learned a level 3 spell: Mephitic Cloud
  3133 | D:4      | Noticed Grinder
  3516 | D:4      | Reached skill level 1 in Air Magic
  3516 | D:4      | Reached skill level 1 in Poison Magic
  3516 | D:4      | Reached XP level 6. HP: 31/44 MP: 6/10
  3716 | D:4      | Killed Grinder
  3717 | D:4      | Reached skill level 7 in Summonings
  3717 | D:4      | Reached XP level 7. HP: 12/50 MP: 7/12
  3988 | D:4      | Learned a level 4 spell: Summon Lightning Spire
  3992 | D:4      | Noticed Sigmund
  3999 | D:4      | Killed Sigmund
  4408 | D:4      | Found a staircase to the Ecumenical Temple.
  4408 | D:4      | Noticed Ijyb
  4419 | D:4      | Killed Ijyb
  4429 | Temple   | Entered the Ecumenical Temple
  4437 | Temple   | Became a worshipper of Sif Muna the Loreminder
  4672 | D:5      | Entered Level 5 of the Dungeon
  4712 | D:5      | Reached XP level 8. HP: 11/57 MP: 3/14
  5430 | D:5      | Reached skill level 1 in Long Blades
  5430 | D:5      | Reached skill level 5 in Spellcasting
  5430 | D:5      | Reached skill level 8 in Summonings
  5874 | D:5      | Reached * piety under Sif Muna
  5945 | D:5      | Identified a scroll of acquirement
  5946 | D:5      | Acquired 837 gold pieces
  5972 | D:6      | Reached XP level 9. HP: 43/64 MP: 11/16
  6158 | D:6      | Found an ancient bone altar of Kikubaaqudgha.
  6277 | D:6      | Learned a level 4 spell: Summon Ice Beast
  6581 | D:6      | Noticed Edmund
  6592 | D:6      | Killed Edmund
  6772 | D:6      | Found Zacvoagu's General Store.
  6775 | D:6      | Bought a wand of iceblast (10) for 182 gold pieces
  6775 | D:6      | Bought a potion of flight for 39 gold pieces
  6775 | D:6      | Bought a potion of brilliance for 52 gold pieces
  6775 | D:6      | Bought a potion of haste for 130 gold pieces
  6793 | D:6      | Reached skill level 5 in Air Magic
  6918 | D:7      | Noticed Maggie
  6930 | D:7      | Reached skill level 5 in Poison Magic
  6930 | D:7      | Killed Maggie
  7276 | D:7      | Reached skill level 1 in Ice Magic
  7425 | D:7      | Noticed Menkaure
  7432 | D:7      | Killed Menkaure
  7433 | D:7      | Reached XP level 10. HP: 48/71 MP: 14/19
  7436 | D:7      | Reached skill level 5 in Long Blades
  7443 | D:7      | Reached skill level 1 in Armour
  7882 | D:8      | Learned a level 3 spell: Frozen Ramparts
  8270 | D:8      | Noticed a two-headed ogre
  8278 | D:8      | Killed a two-headed ogre
  8279 | D:8      | Reached skill level 9 in Summonings
  8318 | D:8      | Reached ** piety under Sif Muna
  8548 | D:8      | Found a radiant altar of Vehumet.
  8555 | D:8      | Found a burning altar of Makhleb.
  8688 | D:8      | Found an iron altar of Okawaru.
  8688 | D:8      | Found a glowing golden altar of the Shining One.
  8694 | D:8      | Found a sparkling altar of Nemelex Xobeh.
  8696 | D:8      | Found a faded altar of an unknown god.
  8698 | D:8      | Found a basalt altar of Yredelemnul.
  9060 | D:9      | Reached skill level 5 in Dodging
  9141 | D:9      | Found a blossoming altar of Fedhas.
  9185 | D:9      | Noticed a two-headed ogre
  9200 | D:9      | Killed a two-headed ogre
  9201 | D:9      | Reached XP level 11. HP: 62/78 MP: 7/21
  9433 | D:9      | Identified the +8 dagger of Xuqeik {venom, Will+}
  9573 | D:9      | Found a sacrificial altar of Ru.
  9932 | D:10     | Entered Level 10 of the Dungeon
 10517 | D:10     | Identified the +0 leather armour of Lettuh {-Cast Rampage
                  | rC+ rN+}
 11051 | D:11     | Reached *** piety under Sif Muna
 11176 | D:11     | Reached skill level 5 in Ice Magic
 11616 | D:11     | Found a staircase to the Lair.
 11617 | D:11     | Noticed a purple ugly thing
 11627 | D:11     | Killed a purple ugly thing
 11802 | D:11     | Reached skill level 5 in Fighting
 12101 | D:11     | Noticed a two-headed ogre
 12108 | D:11     | Killed a two-headed ogre
 12302 | D:11     | Found a staircase to the Orcish Mines.
 12355 | Lair:1   | Entered Level 1 of the Lair of Beasts
 12359 | Lair:1   | Found a runed translucent gate.
 12359 | Lair:1   | Found a runed translucent gate.
 12359 | Lair:1   | Found a runed translucent gate.
 12361 | Lair:1   | Noticed a minotaur
 12533 | Lair:1   | Noticed BongJabbar's ghost (journeyman BaIE)
 12560 | Lair:1   | Reached XP level 12. HP: 80/86 MP: 9/23
 12661 | Lair:1   | Reached skill level 5 in Armour
 12669 | Lair:1   | Reached **** piety under Sif Muna
 12722 | Lair:1   | Learned a level 4 spell: Animate Dead
 13014 | Lair:1   | Identified the +0 cloak "Abacsuso" {Slay+2}
 13602 | Lair:1   | Reached skill level 1 in Necromancy
 13621 | Lair:1   | Reached skill level 10 in Summonings
 14192 | Lair:2   | Reached skill level 1 in Evocations
 14699 | Lair:2   | Noticed a four-headed hydra
 14716 | Lair:2   | Killed a four-headed hydra
 15680 | Lair:3   | Gained mutation: You can hop long distances. [Barachi
                  | growth]
 15680 | Lair:3   | Reached XP level 13. HP: 68/92 MP: 18/25
 16281 | Lair:3   | Noticed Sonja
 16303 | Lair:3   | Killed Sonja
 17288 | Lair:4   | Identified the +0 robe "Isaj" {Int+2}
 17314 | Lair:4   | Reached skill level 10 in Air Magic
 17727 | Lair:4   | Found a staircase to the Snake Pit.
 18676 | Lair:5   | Noticed Snorg
 18764 | Lair:5   | Noticed Kirke
 18878 | Lair:5   | HP: 3/93 [water moccasin (6)]
 18917 | Lair:5   | HP: 3/139 [Snorg (5)]
 18919 | Lair:5   | Killed Snorg
 18920 | Lair:5   | Reached skill level 11 in Summonings
 18967 | Lair:5   | HP: 4/93 [wyvern (2)]
 18973 | Lair:5   | HP: 3/93 [lindwurm/blast of flame[Kirke] (3)]
 18983 | Lair:6   | Entered Level 6 of the Lair of Beasts
 18984 | Lair:6   | AAAAAAAAAAAAAAA
 19336 | Lair:6   | HOLY SHIT
 19515 | Lair:6   | Upgraded the game from 0.28-a0-683-ga8797d1ae1 to
                  | 0.28-a0-687-gb91baff9cc
 19887 | Lair:6   | Reached XP level 14. HP: 100/100 MP: 23/27
 19920 | Lair:6   | Reached ***** piety under Sif Muna
 19921 | Lair:6   | Reached skill level 10 in Poison Magic
 19937 | Lair:6   | Mangled by a polar bear

Illustrated notes ..# . .. . .. #.# #.# #.#. #.# ##... ##=# .$...##..## #...#....# #.#.#@#.# #.#.#..# #...#.############## #.#)#...#.....#.....# #.#.#.#............... ....................... .................(...... ####.#.)................. ...#####.....††)....... Turn 1583 on D:2: hell yeah #.#........# #........... #..........# ##........... ##P........... #............. ##............ ##............. #.....@........ #.#...........!. ................. ................. ................# #.P..P.#.......## #..######......# ### ..#..... ###..... Turn 18984 on Lair:6: AAAAAAAAAAAAAAA

#.#........#
#...........
#..........#
##...........
##P...........
#.............
##............
##.............
#@....<........
#.#...........!.
.................
#.................
#................#
##.P..P.#.......##
#..######......#
### ..#.....
###.....


Turn 19336 on Lair:6: HOLY SHIT

Levels and vault maps discovered:
D:1:      erik_arrival_triangle_small, layout_basic, serial_curves,
          eino_curves_03, eino_curves_03, eino_curves_02, eino_curves_03
D:2:      layout_rooms, serial_shops, nicolae_shop_behind_doors, basic_altar,
          minmay_tiny_reverse_x, uniq_jessica
D:3:      layout_basic, hellmonk_ecumenical_altar_heavens_door,
          minmay_misc_feat_square
D:4:      layout_cave_pools, temple_statues, uniq_ijyb, uniq_sigmund,
          uniq_grinder
D:5:      layout_loops_ring, kennysheep_generic_room_16
D:6:      layout_rooms, nicolae_overflow_crystal_walls, serial_shops,
          kennysheep_mini, uniq_edmund
D:7:      layout_rooms, uniq_menkaure, uniq_maggie
D:8:      layout_cave_pools, grunt_temple_overflow_lords_of_destruction,
          chequers_temple_overflow_minitemple, hangedman_decor_points,
          hangedman_glass_teeth
D:9:      layout_loops_ring, fedhas_altar_3, nicolae_ru_the_path_less_chosen
D:10:     layout_roguey
D:11:     lemuel_ice_statue, layout_loops_cross, erik_lair_orcish_takeover,
          hiddenorc1_lemuel
Temple:   cyrus_circular_temple
Lair:1:   layout_chaotic_city, maelrawn_ghost_gauntlet_escape,
          gammafunk_lair_bear_cave, grunt_megastairs_3
Lair:2:   layout_loops_ring
Lair:3:   layout_gridlike, uniq_sonja
Lair:4:   layout_gridlike, nicolae_swamp_entry_splash_gauntlet,
          guppyfry_snake_entry_garden, grunt_megastairs_2
Lair:5:   regret_index_tunnel_blossom, layout_concentric_octagons,
          slime_altar_1, uniq_kirke, uniq_snorg
Lair:6:   gammafunk_lair_ancient_temple, layout_cave_pods,
          nicolae_lair_grove_arrangements, chequers_serial_rivers_marsh

Skill      XL: |  1  2  3  4  5  6  7  8  9 10 11 12 13 14 |
---------------+-------------------------------------------+-----
Summonings     | 5 6 7 8 9 10 11 | 11.2
Stealth        | 2 3 4 |  4.3
Fighting       | 1 2 3 4 5 6 |  6.3
Spellcasting   | 3 4 5 6 7 8 9 |  9.3
Air Magic      | 1 2 4 5 7 8 9 10 | 10.5
Poison Magic   | 1 2 4 5 6 7 8 9 10 | 10.0
Dodging        | 3 4 5 6 |  6.0
Long Blades    | 3 4 6 7 8 9 |  9.5
Ice Magic      | 1 4 6 7 9 |  9.3
Armour         | 2 4 5 6 |  6.3
Necromancy     | 2 4 |  4.6
Evocations     | 1 |  1.4
Conjurations   | |  0.4

Action                   |  1- 3 |  4- 6 |  7- 9 | 10-12 | 13-15 || total
-------------------------+-------+-------+-------+-------+-------++-------
Melee: Unarmed           |     4 |       |       |       |       ||     4
       Dagger            |     1 |       |       |       |       ||     1
       Whip              |    43 |       |       |       |       ||    43
       War axe           |    14 |    74 |    27 |       |       ||   115
       Scimitar          |       |       |    96 |   289 |   153 ||   538
 Cast: Summon Small Mamm |    10 |     2 |       |       |       ||    12
       Call Imp          |     7 |    13 |     4 |       |       ||    24
       Call Canine Famil |     2 |    10 |     8 |     2 |     2 ||    24
       Summon Lightning  |       |       |    28 |    65 |    35 ||   128
       Summon Ice Beast  |       |       |     6 |    33 |    30 ||    69
       Mephitic Cloud    |       |       |       |    13 |     4 ||    17
       Frozen Ramparts   |       |       |       |    12 |     6 ||    18
       Animate Dead      |       |       |       |     2 |     9 ||    11
 Abil: Hop               |       |       |       |     1 |       ||     1
Evoke: Wand              |       |       |     5 |     6 |     4 ||    15
  Use: Scroll            |       |     5 |     7 |    13 |     7 ||    32
       Potion            |       |       |     2 |       |    14 ||    16
 Stab: Sleeping          |     4 |     5 |     2 |     1 |       ||    12
       Distracted        |       |     2 |     4 |     5 |     3 ||    14
       Confused          |       |       |       |     4 |     2 ||     6
Armor: Robe              |    16 |    16 |    22 |       |       ||    54
       Swamp dragon scal |       |       |    22 |   156 |    77 ||   255
       Skin              |       |       |       |       |    35 ||    35
Dodge: Dodged            |    66 |    71 |   130 |   262 |   160 ||   689

Table legend: (Time is in decaauts)
 A = Elapsed time spent in this place.
 B = Non-inter-level travel time spent in this place.
 C = Inter-level travel time spent in this place.
 D = Time resting spent in this place.
 E = Time spent auto-exploring this place.
 F = Levels seen in this place.
 G = Mean time per level.
                   A        B        C        D        E       F      G
               +--------+--------+--------+--------+--------+-----+--------+
         Total |  21903 |  21291 |    612 |   2423 |  14686 |  18 | 1216.8 |
       Dungeon |  13641 |  13224 |    417 |   1060 |   9840 |  11 | 1240.1 |
        Temple |     18 |     11 |      7 |      0 |      0 |   1 |   18.0 |
          Lair |   8243 |   8055 |    188 |   1363 |   4846 |   6 | 1373.8 |
               +--------+--------+--------+--------+--------+-----+--------+

Top non-repeatable levels by time:
  Lair:4: 1978 daAuts
  Lair:3: 1749 daAuts
    D:11: 1570 daAuts
  Lair:1: 1524 daAuts
  Lair:2: 1461 daAuts
     D:1: 1460 daAuts
     D:5: 1431 daAuts
     D:9: 1334 daAuts
     D:3: 1303 daAuts
     D:4: 1284 daAuts
     D:8: 1163 daAuts
     D:6: 1088 daAuts
     D:2: 1084 daAuts
    D:10: 1078 daAuts
  Lair:6: 1029 daAuts
